Map: Prion Terraces

Players

LilDicky

  • Race: Terran Terran
  • League: Diamond

gabrielbr - Winner!

  • Race: Protoss Protoss
  • League: Diamond

VOD

http://www.twitch.tv/tumescentpie

Description

Time

  • Played on: Nov. 24, 2015, 2:44 p.m.
  • Length: 8:17
Show
View Real Time Build Order
Export as new Build Order

LilDicky Terran 

Build Orders:  

Get SALT Encoding   

  12  0:01  SCV  
  13  0:13  SCV  
  14  0:18  Supply Depot  
  14  0:25  SCV  
  14  0:28  Refinery  
  15  0:39  SCV  
  16  0:45  Barracks  
  16  0:53  SCV  
  17  1:05  SCV  
  18  1:17  SCV  
  19  1:31  Orbital Command  
  19  1:32  Marine  
  19  1:35  Supply Depot  
  19  1:37  Factory  
  20  1:50  Marine  
  21  2:04  Barracks  
  21  2:06  SCV, Barracks  
  22  2:15  Barracks Reactor  
  22  2:18  SCV  
  23  2:31  SCV  
  23  2:32  Refinery  
  23  2:35  Widow Mine  
  26  2:40  Supply Depot  
  26  3:00  Marine x3  
  25  3:13  Widow Mine  
  27  3:22  Marine x3  
  27  3:23  Marine  
  30  3:29  Bunker  
  30  3:34  Bunker  
  5  4:28  Hellion  
  7  4:53  Hellion  
  8  5:30  Hellion  
  10  5:41  Orbital Command  
  6  6:46  Marine x2  
  6  7:10  SCV  
  6  7:11  Marine x2  
Show
View Real Time Build Order
Export as new Build Order

gabrielbr Protoss - Winner!

Build Orders:  

Get SALT Encoding   

  12  0:02  Probe (Chrono Boost)  
  13  0:14  Probe (Chrono Boost)  
  14  0:25  Probe (Chrono Boost)  
  15  0:36  Pylon  
  15  0:54  Probe (Chrono Boost), Gateway  
  16  0:58  Assimilator  
  16  1:03  Gateway  
  16  1:05  Probe (Chrono Boost)  
  17  1:15  Probe (Chrono Boost)  
  17  1:17  Gateway  
  18  1:26  Probe (Chrono Boost)  
  19  1:36  Probe (Chrono Boost)  
  20  1:41  Cybernetics Core  
  20  1:45  Assimilator  
  20  1:51  Pylon  
  20  2:20  Stalker x3 (Chrono Boost)  
  26  2:23  Pylon  
  26  2:48  Stalker (Chrono Boost)  
  26  2:50  Adept x2 (Chrono Boost)  
  32  3:17  Adept (Chrono Boost)  
  34  3:25  Stalker (Chrono Boost)  
  30  4:08  Stalker (Chrono Boost)  
  26  4:45  Robotics Facility  
  23  5:00  Nexus  
  22  5:42  Observer (Chrono Boost)  
  22  6:16  Observer (Chrono Boost)  
  21  6:46  Probe  
  19  6:56  Probe  
  20  7:50  Assimilator  
  20  7:51  Stargate  
Tags
 
Add a new tag
Caveats
  • Supply blocks, unpowered buildings, or Contaminate may cause inaccurate times.
  • Supply counts are checked every 10 seconds.